 Dungeon Crawl Stone Soup version 0.24-a0-205-g1d96822 (webtiles) character file.

Game seed: 13508528393196060792

77 Borgoz the Cutter (level 4, 0/43 HPs)
             Began as a Kobold Monk on Mar 28, 2019.
             Was a Believer of Ashenzari.
             Succumbed to an adder's poison
             ... on level 2 of the Dungeon.
             The game lasted 00:03:10 (1528 turns).

Borgoz the Cutter (Kobold Monk)                     Turns: 1528, Time: 00:03:11

Health: 0/43       AC: 22    Str: 14    XL:     4   Next: 60%
Magic:  4/4        EV:  3    Int: 11    God:    Ashenzari [**....]
Gold:   81         SH:  0    Dex: 17    Spells: 3/3 levels left

rFire    . . .     SeeInvis .   a - +0 short sword
rCold    . . .     Gourm    .   (shield restricted)
rNeg     + + +     Faith    .   (armour currently unavailable)
rPois    +         Spirit   .   (helmet currently unavailable)
rElec    .         Reflect  .   (cloak currently unavailable)
rCorr    .         Harm     .   (gloves currently unavailable)
MR       .....     NoTele   +   (boots currently unavailable)
Stlth    +++.......             (no amulet)
HPRegen  0.14/turn              (no ring)
MPRegen  0.09/turn              (no ring)

@: mighty, lethally poisoned (0 -> -5), tree-form, hasted, very quick
A: small, carnivore
a: Curse Item, Scrying, Renounce Religion


You were on level 2 of the Dungeon.
You worshipped Ashenzari.
Ashenzari was pleased with you.
You were very full.
You were a tree.
You visited 1 branch of the dungeon, and saw 2 of its levels.

You collected 81 gold pieces.

Inventory:

Hand Weapons
 a - a +0 short sword (weapon)
Armour
 b - a +0 robe (melded)
 h - a cursed +0 leather armour
Scrolls
 f - a scroll of identify {unknown}
 j - a scroll of enchant armour {unknown}
Comestibles
 c - 4 rations
 d - 3 chunks of flesh


   Skills:
 + Level 3.8 Fighting
 + Level 4.6 Short Blades
 + Level 1.1 Armour
 + Level 4.2 Dodging
 + Level 3.7 Stealth


You had 3 spell levels left.
You didn't know any spells.
Your spell library was empty.

Dungeon Overview and Level Annotations

Branches:
Dungeon (2/15)

Altars:
Ashenzari


Innate Abilities, Weirdness & Mutations

You are small and have problems with some larger weapons.
You are carnivorous and can eat meat at any time.


Message History

The adder poisons you!
You hit the adder.
You kill the adder!
* * * LOW HITPOINT WARNING * * *
You feel sick.
It was a potion of haste.
You feel yourself speed up.
It was a potion of might.
You feel very mighty all of a sudden.
* * * LOW HITPOINT WARNING * * *
You feel sick.
It was a potion of lignification.
You turn into a tree.
Your +0 robe melds into your body.
Your roots penetrate the ground.
There is a lethal amount of poison in your body!
* * * LOW HITPOINT WARNING * * *
You feel sick.
A goblin comes into view. It is wielding a -3 club.
The goblin shouts!
You aren't carrying any potions.
There is a lethal amount of poison in your body!
You die...

#.#.########.#
########.#.#........###
......................# ,
.......#.#.#.######.#.##
. .......)..............
,
*........†#.#.######.#..#
* ....#....#.#.####
#.##.# ,
................# #.##.#
* *, #...†♣<#.#....#
#.##.# .......#.#'###..#
#.##.# *
.#..........##..# #.##..
..#.........##..# #.###.
* , .)...####...##..# #.#
#. , #.#..* ######..###.#
## , # #. #......####
#.,* #.........# ,
#.........#


There were no monsters in sight!

Vanquished Creatures
  A worker ant (D:2)
  An adder (D:2)
  2 dart slugs
  2 leopard geckos (D:1)
  2 giant cockroaches (D:1)
  8 hobgoblins
  3 jackals (D:1)
  A kobold (D:1)
  A quokka (D:2)
  5 bats
  2 frilled lizards (D:2)
  4 goblins
  7 rats
39 creatures vanquished.

Notes
Turn   | Place    | Note
-------+----------+-------------------------------------------
     0 | D:1      | Borgoz the Kobold Monk began the quest for the Orb.
     0 | D:1      | Reached XP level 1. HP: 14/14 MP: 1/1
    63 | D:1      | Reached XP level 2. HP: 7/19 MP: 2/2
   439 | D:1      | Found a shattered altar of Ashenzari.
   459 | D:1      | Became a worshipper of Ashenzari the Shackled
   459 | D:1      | Reached * piety under Ashenzari
   459 | D:1      | Reached ** piety under Ashenzari
   496 | D:1      | Reached XP level 3. HP: 20/23 MP: 3/3
  1172 | D:2      | Reached skill level 1 in Armour
  1172 | D:2      | Reached XP level 4. HP: 19/29 MP: 4/4
  1524 | D:2      | HP: 1/29 [poisoned by an adder]
  1528 | D:2      | Succumbed to an adder's poison

Levels and vault maps discovered:
D:1:      psy_arrival_dodecagon, layout_basic, ashenzari_altar_1
D:2:      layout_basic

Skill      XL: |  1  2  3 |
---------------+----------+-----
Stealth        | 3 |  3.7
Dodging        | 4 |  4.2
Armour         | 1 |  1.1
Fighting       | |  3.8
Short Blades   | |  4.6

Action                   |  1- 3 |  4- 6 || total
-------------------------+-------+-------++-------
Melee: Short sword       |   138 |    27 ||   165
  Use: Potion            |       |     3 ||     3
 Stab: Sleeping          |     7 |       ||     7
  Eat: Chunk             |     8 |     2 ||    10
Armor: Robe              |    19 |     1 ||    20
Dodge: Dodged            |   115 |    15 ||   130

Table legend:
 A = Non-vault XP
 B = Vault XP
 C = Vault XP percentage of total XP
 D = Non-vault monster count
 E = Vault monster count
 F = Vault count percentage of total count
                 A         B        C        D         E       F
            +---------+---------+-------+---------+---------+-------
      Total |     111 |       0 |   0.0 |      39 |       0 |   0.0
            +---------+---------+-------+---------+---------+-------
        D:1 |      46 |       0 |   0.0 |      25 |       0 |   0.0
        D:2 |      65 |       0 |   0.0 |      14 |       0 |   0.0
            +---------+---------+-------+---------+---------+-------
